 Dungeon Crawl Stone Soup version 0.31-a0-1603-gbec6b6ccbf (webtiles) character file.

Game seed: 12481961247652413097

1591 Pooter the Cleaver (level 8, -3/106 HPs)
             Began as a Minotaur Berserker on Jan 8, 2024.
             Was an Elder of Trog.
             Slain by a gargoyle
             ... wielding a +0 flail
              (10 damage)
             ... on level 6 of the Dungeon.
             The game lasted 00:22:36 (5293 turns).

Pooter the Cleaver (Minotaur Berserker)             Turns: 5293, Time: 00:22:37

Health: -3/106     AC: 11    Str: 24    XL:     8   Next: 61%
Magic:  7/7        EV:  7    Int:  4    God:    Trog [****..]
Gold:   353        SH:  0    Dex: 10    Spells: 7/7 levels left

rFire   . . .        a - +1 war axe (pain)
rCold   + . .        (no shield)
rNeg    . . .        E - +0 plate armour
rPois   .            (helmet restricted)
rElec   .            F - scarf {harm}
rCorr   .            (no gloves)
SInv    .            (no boots)
Will    .....        (no amulet) Stlth
                     I - ring of protection from cold
HPRegen 0.37/turn    (no ring)
MPRegen 0.10/turn

%: harm (+30% outgoing, +20% incoming)
@: berserking, studying Staves, very quick
A: horns 2, retaliatory headbutt
a: Renounce Religion, Berserk, Trog's Hand, Brothers in Arms


You were on level 6 of the Dungeon.
You worshipped Trog.
Trog was greatly pleased with you.
You visited 1 branch of the dungeon, and saw 6 of its levels.

You collected 353 gold pieces.

Inventory:

Hand Weapons
 a - a +1 war axe of pain (weapon)
   (You took it off an orc on level 4 of the Dungeon)
 b - a +0 sling
   (You found it on level 1 of the Dungeon)
 k - a +1 long sword of holy wrath
   (You took it off a hobgoblin on level 3 of the Dungeon)
 m - a +0 trident
   (You found it on level 3 of the Dungeon)
 w - a +0 short sword of flaming
   (You took it off a kobold on level 4 of the Dungeon)
Missiles
 d - 3 javelins
 j - 5 boomerangs
 x - 14 poisoned darts (quivered)
 Q - 117 stones
Armour
 h - a +0 cloak
   (You found it on level 1 of the Dungeon)
 E - a +0 plate armour (worn)
   (You took it off an orc warrior on level 6 of the Dungeon)
 F - a scarf of harm (worn)
   (You found it on level 5 of the Dungeon)
Jewellery
 I - a ring of protection from cold (left hand)
   (You found it on level 4 of the Dungeon)
Wands
 C - a wand of roots (3)
   (You found it on level 5 of the Dungeon)
 D - a wand of digging (3)
   (You found it on level 6 of the Dungeon)
Scrolls
 e - a scroll of noise {!r}
 f - a scroll of amnesia {unknown}
 g - 2 scrolls of poison {!r}
 n - 2 scrolls of fear
 q - a scroll of enchant armour {unknown}
 r - a scroll of enchant weapon
 s - a scroll of fog {unknown}
 t - 7 scrolls of teleportation {@r4}
 u - a scroll of vulnerability {unknown}
 y - 3 scrolls of immolation {!r}
 B - a scroll of blinking
Potions
 c - a potion of haste {@q3}
 l - a potion of attraction {!q}
 o - 3 potions of enlightenment {unknown}
 p - 3 potions of heal wounds {unknown}
 v - a potion of cancellation {unknown}
 z - a potion of lignification {unknown}


   Skills:
 + Level 6.6 Fighting
 * Level 8.8 Axes
 * Level 5.4 Ranged Weapons
 - Level 2.4 Armour
 - Level 2.1 Dodging
 - Level 4.4 Stealth


You had 7 spell levels left.
You didn't know any spells.
Your spell library was empty.

Dungeon Overview and Level Annotations

Branches:
Dungeon (6/15) Zot: 26505  Temple (0/1) D:5

Altars:
Dithmenos
Nemelex Xobeh
Trog
Zin

Annotations:
D:6 3 runed translucent doors, Azoth's ghost, novice DsGl


Innate Abilities, Weirdness & Mutations

You have a pair of horns on your head.
You reflexively headbutt those who attack you in melee.


Message History

You kill the ufetubus!
Trog accepts your kill.
No target in view!
You now have 353 gold pieces (gained 10).
The white imp shouts!
Something shouts, "Get thee gone, thou pecksniffian mumble-news jarkman!"
The white imp shouts!
The white imp grins evilly.
Azoth's ghost turns its malevolent gaze towards you.
Found a ring of fire and 14 gold pieces.
Found a scroll of teleportation and 15 gold pieces.
Found an encrusted onyx ring.
The white imp lashes its tail.
Found a stone staircase leading down.
Found a trident.
You see here a +0 trident.
An adder comes into view.
The adder hisses angrily.
The adder bites you.
You slash the adder!
You kill the adder!
Trog accepts your kill.
No target in view!
A gargoyle comes into view. It is wielding a +0 flail.
Found a scroll of identify.
Found a stone staircase leading up.
Found 9 gold pieces.
You hit the gargoyle but do no damage.
You headbutt the gargoyle, but do no damage.
The gargoyle hurls a stone arrow at you.
The stone arrow hits you!
You hit the gargoyle but do no damage.
The gargoyle hurls a stone arrow at you.
The stone arrow misses you.
You hit the gargoyle but do no damage.
You headbutt the gargoyle, but do no damage.
The gargoyle hits you with a +0 flail!
You hit the gargoyle but do no damage.
The gargoyle hurls a stone arrow at you.
The stone arrow hits you!!
* * * LOW HITPOINT WARNING * * *
A red film seems to cover your vision as you go berserk!
You feel yourself moving faster!
You feel mighty!
The gargoyle hurls a stone arrow at you.
The stone arrow hits you!
* * * LOW HITPOINT WARNING * * *
You hit the gargoyle. You headbutt the gargoyle.
The gargoyle hits you with a +0 flail.
* * * LOW HITPOINT WARNING * * *
You hit the gargoyle. The gargoyle hits you with a +0 flail!
You die...

$....# ....# #...# #...#
#...# ####### #?.<#
#...... #..9# #.#####
#..@# ####+#+#.# ###
#...###........###..
#................+..
##########.......####..
#.......##.............
##)#####.##.......#..#..
#......#.#####...##..#.#
#.....>#.#####.##...##.#
#......#.......##......#


You could see a gargoyle.

Vanquished Creatures
  Grinder (D:4)
  Sigmund (D:4)
  A water moccasin (D:5)
  An orc warrior (D:6)
  An ogre (D:4)
  A kobold brigand (D:4)
  2 scorpions
  A howler monkey (D:5)
  A bombardier beetle (D:5)
  3 hounds
  3 jellies (D:5)
  3 orc priests
  5 iguanas
  2 orc wizards
  3 gnolls (D:5)
  6 adders
  A white imp (D:5)
  2 ufetubi (D:6)
  A ribbon worm (D:2)
  A dart slug (D:1)
  16 orcs
  8 bats
  8 endoplasms
  9 giant cockroaches
  4 goblins
  6 hobgoblins
  8 jackals
  9 quokkas
  9 ball pythons
  10 frilled lizards
  26 kobolds
  9 rats
162 creatures vanquished.

Notes
Turn   | Place    | Note
-------+----------+-------------------------------------------
     0 | D:1      | Pooter the Minotaur Berserker began the quest for the Orb.
     0 | D:1      | Reached XP level 1. HP: 19/19 MP: 0/0
   158 | D:1      | Reached XP level 2. HP: 27/27 MP: 1/1
   166 | D:1      | Reached skill level 4 in Axes
   199 | D:1      | Reached skill level 1 in Stealth
   466 | D:1      | Reached ** piety under Trog
   535 | D:1      | Reached XP level 3. HP: 33/33 MP: 2/2
  1803 | D:2      | Found a faded altar of an unknown god.
  1914 | D:2      | Reached XP level 4. HP: 40/40 MP: 3/3
  2114 | D:3      | Reached *** piety under Trog
  2238 | D:3      | Reached skill level 5 in Axes
  2885 | D:4      | Reached XP level 5. HP: 47/47 MP: 4/4
  2932 | D:4      | Noticed Grinder
  2938 | D:4      | Paralysed by Grinder for 4 turns
  2946 | D:4      | Killed Grinder
  2946 | D:4      | Reached **** piety under Trog
  2947 | D:4      | Reached skill level 1 in Ranged Weapons
  2947 | D:4      | Reached XP level 6. HP: 43/55 MP: 5/5
  3173 | D:4      | Reached skill level 6 in Axes
  3336 | D:4      | Reached skill level 5 in Fighting
  3486 | D:4      | Noticed Sigmund
  3496 | D:4      | Killed Sigmund
  3497 | D:4      | Reached XP level 7. HP: 61/61 MP: 6/6
  3576 | D:4      | Reached skill level 7 in Axes
  3941 | D:5      | Entered Level 5 of the Dungeon
  4158 | D:5      | Reached XP level 8. HP: 69/70 MP: 7/7
  4520 | D:5      | Reached skill level 8 in Axes
  4760 | D:5      | Found a staircase to the Ecumenical Temple.
  4827 | D:6      | Found a shadowy altar of Dithmenos.
  4857 | D:6      | Reached skill level 5 in Ranged Weapons
  4951 | D:6      | Found a bloodstained altar of Trog.
  4951 | D:6      | Found a glowing silver altar of Zin.
  4953 | D:6      | Found a sparkling altar of Nemelex Xobeh.
  5209 | D:6      | Noticed Azoth's ghost (novice DsGl)
  5239 | D:6      | Found a runed translucent gate.
  5239 | D:6      | Found a runed translucent gate.
  5239 | D:6      | Found a runed translucent gate.
  5284 | D:6      | Noticed a gargoyle
  5293 | D:6      | Slain by a gargoyle

Illustrated notes

Levels and vault maps discovered:
D:1:      nzn_arrival_crosshair, layout_basic, minmay_cut_off
D:2:      layout_loops_corners, dilly_ecumenical_altar_fadedgnrine,
          serial_forest, infiniplex_forest_zigzag_1, infiniplex_forest_lined_1,
          infiniplex_forest_diagonal, infiniplex_forest_end_1,
          infiniplex_forest_clump_medium, infiniplex_forest_corner_1,
          infiniplex_forest_clump_tiny, infiniplex_forest_lined_room_3,
          chequers_serial_rivers_micro_e
D:3:      minmay_spotlight, layout_basic, grunt_decor_one_mirror,
          chequers_decorated_corner
D:4:      kennysheep_kobold_camp, layout_loops_ring, minmay_misc_feat_five,
          st_stairs_2, uniq_sigmund, uniq_grinder
D:5:      kennysheep_six_static_rooms, layout_cave_pools,
          minmay_temple_entry_enclosed_plants, minmay_misc_feat_roman
D:6:      layout_basic, grunt_temple_overflow_open, gammafunk_ghost_icy,
          uniq_pikel

Skill      XL: |  1  2  3  4  5  6  7  8 |
---------------+-------------------------+-----
Axes           | 4 5 6 7 8 |  8.8
Stealth        | 1 2 3 4 |  4.4
Fighting       | 4 5 6 |  6.6
Ranged Weapons | 1 2 3 5 |  5.4
Armour         | |  2.4
Dodging        | |  2.1

Action                     |  1- 3 |  4- 6 |  7- 9 || total
---------------------------+-------+-------+-------++-------
  Melee: Hand axe          |   109 |    39 |       ||   148
         Headbutt          |     7 |    10 |    18 ||    35
         Trident           |       |    28 |       ||    28
         War axe           |       |    14 |   112 ||   126
   Fire: Sling             |    30 |    49 |    13 ||    92
  Throw: Javelin           |       |     3 |       ||     3
         Dart              |       |       |    12 ||    12
         Boomerang         |       |       |     1 ||     1
 Invoke: Berserk           |       |     2 |     4 ||     6
         Trog's Hand       |       |       |     4 ||     4
  Evoke: Wand              |       |       |     2 ||     2
    Use: Scroll            |     4 |     3 |     3 ||    10
   Stab: Sleeping          |     3 |       |       ||     3
 Armour: Animal skin       |    49 |       |       ||    49
         Chain mail        |    25 |    71 |    83 ||   179
         Plate armour      |       |       |    14 ||    14
  Dodge: Dodged            |    67 |    54 |    36 ||   157

Table legend: (Time is in decaauts)
 A = Elapsed time spent in this place.
 B = Non-inter-level travel time spent in this place.
 C = Inter-level travel time spent in this place.
 D = Time resting spent in this place.
 E = Time spent auto-exploring this place.
 F = Levels seen in this place.
 G = Mean time per level.
                   A        B        C        D        E       F      G
               +--------+--------+--------+--------+--------+-----+--------+
         Total |   5401 |   5245 |    156 |    394 |   3698 |   6 |  900.2 |
       Dungeon |   5401 |   5245 |    156 |    394 |   3698 |   6 |  900.2 |
               +--------+--------+--------+--------+--------+-----+--------+

Top non-repeatable levels by time:
     D:4: 1284 daAuts
     D:2: 1097 daAuts
     D:1: 1017 daAuts
     D:5: 883 daAuts
     D:3: 624 daAuts
     D:6: 494 daAuts
